 Dungeon Crawl Stone Soup version 0.29.1-1-gd02db69 (webtiles) character file.

Game seed: 633582385110124158

85470 samcosmo the Bewitcher (level 16, -16/156 HPs)
             Began as a Kobold Enchanter on Apr 29, 2023.
             Was the Champion of Dithmenos.
             Demolished by Rupert
             ... wielding a +5 battleaxe of flaming
              (27 damage)
             ... on level 14 of the Dungeon on Apr 30, 2023.
             The game lasted 01:44:27 (27302 turns).

samcosmo the Bewitcher (Kobold Enchanter)          Turns: 27302, Time: 01:44:27

Health: -16/156    AC: 20    Str:  8    XL:     16   Next: 31%
Magic:  0/28       EV:  3    Int: 26    God:    Dithmenos [******]
Gold:   2372       SH:  0    Dex: 22    Spells: 8/31 levels left

rFire   . . .      SeeInvis +   f - +6 dagger (vamp)
rCold   . . .      Faith    .   (no shield)
rNeg    + + .      Spirit   +   (body armour currently unavailable)
rPois   +          Reflect  .   (helmet currently unavailable)
rElec   .          Harm     .   (cloak currently unavailable)
rCorr   .          Rampage  .   (gloves currently unavailable)
Will    +....      NoTele   +   (boots currently unavailable) Stlth ***+++++++
                                P - amulet "Gosuhuif" {Spirit rF- rC+ Int+9}
HPRegen 0.36/turn               X - ring of wizardry
MPRegen 0.21/turn               r - ring "Xueckit" {Fire *Corrode rN++ Str+2 Slay+4 SInv}

@: confusing by touch, tree-form, corroded, wreathed by umbra, studying Poison
Magic
A: stationary, stasis, torment immunity, boosted hp, small, no large weapons,
nightstalker 3
a: Renounce Religion, Shadow Step, Shadow Form


You were on level 14 of the Dungeon.
You worshipped Dithmenos.
Dithmenos was exalted by your worship.
You were a tree.
You visited 4 branches of the dungeon, and saw 22 of its levels.

You collected 3369 gold pieces.
You spent 997 gold pieces at shops.

Inventory:

Hand Weapons
 b - a +4 dagger
 f - a +6 vampiric dagger (weapon)
 t - a +1 dagger of holy wrath
Armour
 n - a +2 pair of gloves (melded)
 q - the +2 leather armour of Ciysau {rC- Regen+ Str+6}
   (You bought it in a shop on level 2 of the Orcish Mines)

   Str:       It affects your strength (+6).
   rC:        It makes you vulnerable to cold.
   Regen:     It increases your rate of health regeneration.
 u - +0 steam dragon scales
 v - a +1 pair of boots (melded)
 B - a +2 leather armour of cold resistance (melded)
 H - a +2 hat of intelligence (melded)
 V - a +1 cloak of preservation (melded)
Jewellery
 a - a ring of wizardry
 m - an amulet of regeneration
 p - a +4 ring of evasion
 r - the ring "Xueckit" (right branch) {Fire *Corrode rN++ Str+2 Slay+4 SInv}
   (You found it on level 5 of the Dungeon)

   [ring of fire]

   It enhances your fire magic.
   Str:       It affects your strength (+2).
   Slay:      It affects your accuracy & damage with ranged weapons and melee
   (+4).
   rF:        It protects you from fire.
   rC:        It makes you vulnerable to cold.
   rN:        It greatly protects you from negative energy.
   SInv:      It lets you see invisible.
   *Corrode:  It may corrode you when you take damage.
 C - a +6 ring of strength
 G - a +4 ring of slaying
 P - the amulet "Gosuhuif" (around neck) {Spirit rF- rC+ Int+9}
   (You found it on level 1 of the Lair of Beasts)

   [amulet of guardian spirit]

   It causes incoming damage to be divided between your reserves of health and
   magic.
   Int:       It affects your intelligence (+9).
   rF:        It makes you vulnerable to fire.
   rC:        It protects you from cold.
 Q - a +6 ring of dexterity
 T - a +6 ring of intelligence
 X - a ring of wizardry (left branch)
 Y - a ring of wizardry
Wands
 x - a wand of flame (26)
 E - a wand of polymorph (20)
 I - a wand of paralysis (30)
 K - a wand of iceblast (4)
 W - a wand of acid (10)
Scrolls
 y - 4 scrolls of magic mapping
 z - 3 scrolls of poison
 L - 4 scrolls of teleportation
 M - 3 scrolls of noise
 N - 11 scrolls of identify
 O - 2 scrolls of torment
 U - 5 scrolls of fear
 Z - a scroll of amnesia
Potions
 c - a potion of invisibility
 d - 3 potions of haste
 e - 5 potions of brilliance
 g - 2 potions of magic
 h - 13 potions of curing
 i - 5 potions of resistance
 j - a potion of berserk rage
 l - 4 potions of mutation
 o - 2 potions of flight
 s - 5 potions of attraction
 D - 3 potions of heal wounds
 F - 2 potions of cancellation
 J - 2 potions of lignification
 R - 3 potions of might


   Skills:
 + Level 13.4 Fighting
 - Level 10.0 Short Blades
 - Level 12.8 Dodging
 - Level 15.3 Stealth
 + Level 8.3 Spellcasting
 * Level 17.4 Hexes


You had 8 spell levels left.
You knew the following spells:

 Your Spells              Type           Power      Damage    Failure   Level
a - Ensorcelled Hibernat  Hex/Ice        100%       N/A       1%          2
b - Confusing Touch       Hex            79%        N/A       0%          3
c - Tukima's Dance        Hex            79%        N/A       0%          3
d - Dazzling Flash        Conj/Hex       100%       N/A       1%          3
e - Discord               Hex            39%        N/A       12%         8
f - Cause Fear            Hex            39%        N/A       1%          4

Your spell library contained the following spells:

 Spells                   Type           Power      Damage    Failure   Level
 Portal Projectile        Hex/Tloc       100%       N/A       1%          3
 Fulminant Prism          Conj/Hex       27%        3d14      1%          4
 Leda's Liquefaction      Hex/Erth       27%        N/A       1%          4
 Magic Dart               Conj           40%        1d5       2%          1
 Necrotise                Necr           40%        1d6       2%          1
 Sandblast                Erth           20%        2d7       2%          1
 Sting                    Tmut/Pois      40%        1d5       2%          1
 Blink                    Tloc           20%        N/A       3%          2
 Call Imp                 Summ           10%        N/A       3%          2
 Passwall                 Tmut/Erth      8%         N/A       3%          2
 Poisonous Vapours        Pois/Air       20%        N/A       3%          2
 Searing Ray              Conj           20%        2d5       3%          2
 Sublimation of Blood     Necr           10%        N/A       3%          2
 Wereblood                Tmut           10%        N/A       3%          2
 Call Canine Familiar     Summ           10%        N/A       6%          3
 Frozen Ramparts          Ice            20%        1d4       6%          3
 Ignite Poison            Fire/Tmut/Pois 16%        N/A       6%          3
 Lesser Beckoning         Tloc           10%        N/A       6%          3
 Mephitic Cloud           Conj/Pois/Air  10%        N/A       6%          3
 Ozocubu's Armour         Ice            10%        N/A       6%          3
 Stone Arrow              Conj/Erth      20%        3d8       6%          3
 Swiftness                Air            10%        N/A       6%          3
 Animate Dead             Necr           10%        N/A       21%         4
 Dispel Undead            Necr           10%        3d9       21%         4
 Ice Form                 Ice/Tmut       10%        N/A       21%         4
 Olgreb's Toxic Radiance  Pois           10%        N/A       21%         4
 Summon Ice Beast         Ice/Summ       10%        N/A       21%         4
 Agony                    Necr           10%        N/A       50%         5
 Freezing Cloud           Conj/Ice/Air   5%         6-21      50%         5
 Manifold Assault         Tloc           10%        N/A       50%         5
 Dragon Form              Tmut           5%         N/A       100%        7
 Ozocubu's Refrigeration  Ice            5%         4d8       100%        7
 Summon Hydra             Summ           5%         N/A       100%        7
 Dragon's Call            Summ           5%         N/A       100%        9


Dungeon Overview and Level Annotations

Branches:
Dungeon (14/15)            Temple (1/1) D:6            Lair (5/5) D:10
 Shoals (0/4) Lair:3        Snake (0/4) Lair:2        Slime (0/5) Lair:4
    Orc (2/2) D:12            Elf (0/3) Orc:2        Vaults (0/5) D:13

Altars:
Ashenzari
Cheibriados
Dithmenos
Elyvilon
Fedhas
Gozag
Hepliaklqana
Kikubaaqudgha
Makhleb
Nemelex Xobeh
Okawaru
Qazlal
Ru
Sif Muna
Trog
Uskayaw
Vehumet
Wu Jian
Xom
Yredelemnul
Zin
The Shining One
Jiyva

Shops:
D:1 *   D:11 =   Orc:2 (*[:

Annotations:
D:14 Rupert
Lair:4 1 runed translucent door


Innate Abilities, Weirdness & Mutations

You are a tree.
Your roots penetrate the ground, keeping you stationary.
You cannot be teleported.
You are immune to unholy pain and torment.
Your maximum health is greatly increased.
Your equipment is partially melded.
You are small and have problems with some larger weapons.
You are completely attuned to the shadows.


Message History

* * * LOW HITPOINT WARNING * * *
Rupert closely misses your manticore.
The wizard casts a spell.
The wizard blinks!
You swing at nothing.
Rupert hits your seven-headed hydra with a +5 battleaxe of flaming!!
Rupert burns your seven-headed hydra.
Rupert hits you with a +5 battleaxe of flaming!
* * * LOW HITPOINT WARNING * * *
Rupert burns you.
* * * LOW HITPOINT WARNING * * *
Rupert hits your manticore with a +5 battleaxe of flaming!!
Rupert burns your manticore.
Your manticore dies!
Your manticore's corpse dissolves into shadows!
Your seven-headed hydra bites Rupert!
Your seven-headed hydra bites Rupert but does no damage.
Your seven-headed hydra closely misses Rupert.
Your seven-headed hydra bites Rupert.
Your seven-headed hydra bites Rupert! x3
You swing at nothing.
Unknown command.
You swing at nothing.
Rupert hits your seven-headed hydra with a +5 battleaxe of flaming!!
Rupert lops one of your seven-headed hydra's heads off!
Your six-headed hydra dies!
Your six-headed hydra's corpse dissolves into shadows!
Rupert hits you with a +5 battleaxe of flaming!
* * * LOW HITPOINT WARNING * * *
Rupert burns you.
* * * LOW HITPOINT WARNING * * *
You feel much better.
You feel less invigorated.
You feel less confused.
Rupert hits you with a +5 battleaxe of flaming!!
* * * LOW HITPOINT WARNING * * *
Rupert burns you!
* * * LOW HITPOINT WARNING * * *
The wizard gestures wildly while chanting.
The wizard blinks!
Rupert hits you with a +5 battleaxe of flaming!!
You die...

#.#.#...........#.#.#.. .........
#...#.#.#...#.#.#...#.#.#...#.###
........#.#.#^..........#.#.#..#
.....##...... ##.....##.......###
..........# .....○.......#.....#
.###.#....#....#.###.#....#....##
..........#...............#[....#
.....##.......##.$...##.......###
........#.# #...♣.......#.#.#...
#...#.#.#...#.#@#...#.#.#...#.#.
#.#.#... ....†.#.#.#........ .
......## ...##§..... #.....#
.##..... .. ....#. .##....# #
....# .##[.... ...# .#....##
.##.#...


You could see Rupert (berserk).

Vanquished Creatures
  Gastronok (D:9)
  The ghost of Ullipcorian the Impaler, an adept MfGl of Hepliaklqana (Orc:1)
  3 orc warlords
  Nessos (D:12)
  A dire elephant (Lair:5)
  Josephine (D:10)
  A fire dragon (Lair:5)
  A boulder beetle (D:14)
  Harold (D:10)
  8 hydras
  2 two-headed ogres
  2 catoblepae (Lair:5)
  A centaur warrior (D:13)
  The ghost of RutDarkdig the Destroyer, a journeyman PaEE of Cheibriados (Lair:1)
  An ogre mage (D:13)
  Erica (D:9)
  11 death yaks
  A tengu warrior (D:13)
  A deep elf archer (D:13)
  3 orc knights
  A swamp dragon (Lair:5)
  A deep elf zephyrmancer (D:13)
  A lindwurm (Lair:5)
  Pikel (D:6)
  2 orc sorcerers (Orc:2)
  9 ugly things
  A deep elf pyromancer (D:13)
  2 manticores (Lair:5)
  14 elephants
  A merfolk siren (Lair:3)
  6 black mambas
  3 gargoyles
  10 cane toads
  5 rime drakes
  9 komodo dragons
  A kobold demonologist (D:12)
  3 yaktaurs (D:13)
  A tengu conjurer (D:13)
  A queen bee (shapeshifter) (D:14)
  4 trolls
  4 slime creatures
  A polar bear (Lair:4)
  Grinder (D:5)
  A hornet (shapeshifter) (D:13)
  Prince Ribbit (D:9)
  A hornet (D:9)
  6 dream sheep
  9 blink frogs
  A blink frog (shapeshifter) (D:14)
  A centaur simulacrum (D:14)
  A shadow (D:9)
  A vampire (D:11)
  9 wyverns
  A yak (shapeshifter) (D:13)
  4 wraiths (D:10)
  2 hogs (shapeshifter)
  46 yaks
  Grum (D:9)
  Eustachio (D:5)
  9 basilisks
  2 vampire mosquitoes (D:13)
  5 steam dragons
  4 wargs
  3 nagas (Lair:2)
  6 acid dragons
  15 water moccasins
  22 orc warriors
  A sky beast (D:7)
  A swamp drake (Lair:5)
  4 black bears
  4 ogres (D:13)
  12 wolves
  A lemure (D:6)
  8 centaurs
  2 kobold brigands (D:8)
  11 bullfrogs
  A necrophage (D:6)
  7 scorpions
  2 gnoll sergeants
  12 wights
  7 killer bees
  An electric eel (Lair:2)
  6 howler monkeys
  Crazy Yiuf (D:3)
  6 hounds
  A gnoll bouda (D:5)
  5 jellies
  9 orc priests
  3 iguanas
  15 orc wizards
  12 adders
  10 gnolls
  3 shadow imps
  A worm (D:3)
  2 dart slugs (D:4)
  38 orcs
  4 ball pythons
  5 endoplasms
  2 giant cockroaches
  5 goblins
  7 hobgoblins
  5 jackals
  10 kobolds
  3 quokkas
  3 bats
  3 frilled lizards (D:1)
  2 rats
512 creatures vanquished.

Vanquished Creatures (collateral kills)
  A war gargoyle (D:13)
  A crystal guardian (D:13)
  A deep troll earth mage (D:13)
  2 orc knights (Orc:1)
  2 deep elf pyromancers (D:13)
  An orc sorcerer (Orc:1)
  A wolf spider (D:13)
  A troll (Orc:1)
  A centaur simulacrum (D:13)
  3 wargs
  19 orc warriors
  4 ogres
  3 orc priests
  10 orc wizards
  17 orcs
67 creatures vanquished.

Vanquished Creatures (others)
  An orc sorcerer (Orc:2)
  A yaktaur (D:13)
  A tarantella (shapeshifter) (D:13)
  2 orc warriors (Orc:2)
  An orc priest (Orc:2)
  An iguana (Lair:5)
  3 orcs (Orc:1)
  37 fungi
  27 plants
74 creatures vanquished.

Grand Total: 653 creatures vanquished

Notes
Turn   | Place    | Note
-------+----------+-------------------------------------------
     0 | D:1      | samcosmo the Kobold Enchanter began the quest for the Orb.
     0 | D:1      | Reached XP level 1. HP: 10/10 MP: 3/3
   171 | D:1      | Found Jioduar's Assorted Antiques.
   676 | D:1      | Reached XP level 2. HP: 16/16 MP: 5/5
   689 | D:1      | Learned a level 2 spell: Ensorcelled Hibernation
  1110 | D:2      | Reached XP level 3. HP: 20/20 MP: 6/6
  1118 | D:2      | Reached skill level 1 in Fighting
  1125 | D:2      | Learned a level 3 spell: Confusing Touch
  1415 | D:2      | Found a burning altar of Makhleb.
  1765 | D:2      | Reached XP level 4. HP: 25/25 MP: 7/7
  1963 | D:3      | Reached XP level 5. HP: 29/29 MP: 5/9
  2173 | D:3      | Found a runed translucent door.
  2176 | D:3      | Noticed Crazy Yiuf
  2181 | D:3      | Killed Crazy Yiuf
  2182 | D:3      | Reached skill level 4 in Hexes
  2317 | D:3      | Found a faded altar of an unknown god.
  2537 | D:3      | Reached skill level 5 in Stealth
  2537 | D:3      | Reached XP level 6. HP: 35/35 MP: 10/10
  2644 | D:4      | Got Kikubaaqudgha's Papyrus of Bodily Humours
  2667 | D:4      | Found a sacrificial altar of Ru.
  2667 | D:4      | Found a glowing golden altar of the Shining One.
  2667 | D:4      | Found a shimmering blue altar of Sif Muna.
  2684 | D:4      | Noticed a black bear
  2690 | D:4      | Killed a black bear
  2691 | D:4      | Reached XP level 7. HP: 40/40 MP: 6/11
  2743 | D:4      | Found a transporter.
  2755 | D:4      | Found a transporter.
  2957 | D:4      | You fall into a shaft and drop 3 floors!
  3174 | D:5      | Entered Level 5 of the Dungeon
  3188 | D:5      | Identified the ring "Xueckit" {Fire *Corrode rN++ Str+2
                  | Slay+4 SInv}
  3345 | D:4      | Learned a level 3 spell: Tukima's Dance
  3349 | D:4      | Learned a level 3 spell: Dazzling Flash
  4013 | D:5      | Reached skill level 5 in Hexes
  4203 | D:5      | Noticed a water moccasin
  4214 | D:5      | Killed a water moccasin
  4262 | D:5      | Noticed Eustachio
  4270 | D:5      | Killed Eustachio
  4271 | D:5      | Reached skill level 5 in Short Blades
  4271 | D:5      | Reached XP level 8. HP: 46/46 MP: 8/12
  4409 | D:5      | Noticed Grinder
  4699 | D:5      | Identified the +0 flail of Parts Unknown {flame, Str+2}
  4779 | D:5      | Killed Grinder
  4780 | D:5      | Reached skill level 5 in Dodging
  4780 | D:5      | Reached skill level 6 in Hexes
  4957 | D:6      | Found a staircase to the Ecumenical Temple.
  4963 | Temple   | Entered the Ecumenical Temple
  5133 | D:6      | Noticed Pikel
  5144 | D:6      | Killed Pikel
  5145 | D:6      | Reached XP level 9. HP: 50/52 MP: 9/13
  5258 | D:6      | Found an opulent altar of Gozag.
  5397 | D:6      | Reached skill level 7 in Hexes
  6083 | D:7      | Reached skill level 5 in Fighting
  6215 | D:7      | Reached XP level 10. HP: 59/59 MP: 14/14
  6454 | D:7      | Found a hazy altar of Hepliaklqana.
  6627 | D:7      | Reached skill level 8 in Hexes
  6899 | D:7      | Got the Quarto of Guile
  7263 | D:8      | Reached skill level 10 in Short Blades
  7512 | D:8      | Reached skill level 9 in Hexes
  7526 | D:8      | Reached XP level 11. HP: 66/66 MP: 4/15
  7725 | D:8      | Found a white marble altar of Elyvilon.
  7837 | D:8      | Reached skill level 10 in Stealth
  8009 | D:8      | Found a snail-covered altar of Cheibriados.
  8180 | D:8      | Found a bloodstained altar of Trog.
  8409 | D:9      | Noticed Gastronok
  8432 | D:9      | Paralysed by a hornet for 1 turns
  8533 | D:9      | Noticed Erica
  8641 | D:9      | Noticed Prince Ribbit
  8645 | D:9      | Killed Prince Ribbit
  8646 | D:9      | Reached skill level 10 in Hexes
  8653 | D:9      | Noticed Grum
  8657 | D:9      | Killed Grum
  8971 | D:9      | Killed Gastronok
  9050 | D:9      | Killed Erica
  9086 | D:10     | Entered Level 10 of the Dungeon
  9101 | D:10     | Found a shadowy altar of Dithmenos.
  9104 | D:10     | Became a worshipper of Dithmenos the Shadowed
  9127 | D:10     | Found a glowing silver altar of Zin.
  9259 | D:10     | Found a blossoming altar of Fedhas.
  9329 | D:10     | Noticed Josephine
  9997 | D:10     | Killed Josephine
  9998 | D:10     | Reached skill level 11 in Hexes
  9998 | D:10     | Reached XP level 12. HP: 73/73 MP: 16/16
 10031 | D:10     | Noticed Harold
 10043 | D:10     | Killed Harold
 10115 | D:10     | Found a staircase to the Lair.
 10383 | Lair:1   | Entered Level 1 of the Lair of Beasts
 10398 | Lair:1   | Reached * piety under Dithmenos
 10522 | Lair:1   | Noticed RutDarkdig's ghost (journeyman PaEE)
 10532 | Lair:1   | Identified the amulet "Gosuhuif" {Spirit rF- rC+ Int+9}
 10652 | Lair:1   | Noticed a four-headed hydra
 10656 | Lair:1   | Killed a four-headed hydra
 10805 | Lair:1   | Reached skill level 10 in Dodging
 11216 | Lair:1   | Reached skill level 12 in Hexes
 11608 | Lair:1   | Found a runed translucent gate.
 11609 | Lair:1   | Found a runed translucent gate.
 11610 | Lair:1   | Found a runed translucent gate.
 11935 | Lair:1   | Noticed a six-headed hydra
 12101 | Lair:2   | Noticed a seven-headed hydra
 12104 | Lair:2   | Killed a seven-headed hydra
 12169 | Lair:2   | Reached ** piety under Dithmenos
 12380 | Lair:2   | Reached XP level 13. HP: 80/80 MP: 17/17
 12588 | Lair:2   | Found a staircase to the Snake Pit.
 13369 | Lair:3   | Reached skill level 13 in Hexes
 13451 | Lair:3   | Reached skill level 10 in Fighting
 13605 | Lair:3   | Reached *** piety under Dithmenos
 13630 | Lair:3   | Noticed a five-headed hydra
 13634 | Lair:3   | Killed a five-headed hydra
 13739 | Lair:3   | Found a staircase to the Shoals.
 14276 | Lair:4   | Found a runed translucent door.
 14301 | Lair:4   | Found a viscous altar of Jiyva.
 14302 | Lair:4   | Found a staircase to the Slime Pits.
 14302 | Lair:4   | Noticed an acid blob
 14302 | Lair:4   | Noticed an acid blob
 14674 | Lair:4   | Noticed a five-headed hydra
 14680 | Lair:4   | Killed a five-headed hydra
 15146 | Lair:4   | Noticed a four-headed hydra
 15150 | Lair:4   | Killed a four-headed hydra
 15876 | D:1      | Bought a glowing cloak for 217 gold pieces
 15876 | D:1      | Bought a scroll labelled WEALU ELEID for 29 gold pieces
 16223 | Lair:5   | Entered Level 5 of the Lair of Beasts
 16223 | Lair:5   | Noticed a four-headed hydra
 16226 | Lair:5   | Killed a four-headed hydra
 16227 | Lair:5   | Reached skill level 14 in Hexes
 16248 | Lair:4   | Reached XP level 14. HP: 88/88 MP: 9/18
 16723 | Lair:4   | HP: 3/88 [dream sheep (4)]
 17241 | Lair:5   | Reached **** piety under Dithmenos
 17437 | Lair:5   | Found a burning altar of Makhleb.
 18030 | Lair:5   | Reached skill level 15 in Stealth
 18383 | Lair:1   | Learned a level 8 spell: Discord
 18437 | Lair:1   | Killed RutDarkdig's ghost
 19026 | D:11     | Found Umecogui's Jewellery Emporium.
 19143 | D:11     | Identified a scroll of acquirement
 19150 | D:11     | Acquired 761 gold pieces
 19366 | D:12     | Reached skill level 15 in Hexes
 19552 | D:12     | Noticed Nessos
 19555 | D:12     | Killed Nessos
 19794 | D:12     | Reached skill level 5 in Spellcasting
 19877 | D:12     | Found a staircase to the Orcish Mines.
 20307 | Orc:1    | Entered Level 1 of the Orcish Mines
 20468 | Orc:1    | Reached ***** piety under Dithmenos
 20996 | Lair:5   | Identified the +0 leather armour "Fuhuv" {Rampage Str+2}
 21081 | Lair:5   | Reached XP level 15. HP: 96/96 MP: 16/22
 22993 | Orc:1    | Reached skill level 16 in Hexes
 23304 | Orc:1    | Noticed Ullipcorian's ghost (adept MfGl)
 23460 | Orc:1    | Found a transporter.
 23591 | Orc:1    | Found a transporter.
 23699 | Orc:1    | Killed Ullipcorian's ghost
 23854 | Orc:2    | Entered Level 2 of the Orcish Mines
 24420 | Orc:2    | Found Toadif's General Store.
 24434 | Orc:2    | Found Xeguoli's Book Boutique.
 24704 | Orc:2    | Bought a scroll of teleportation for 42 gold pieces
 24834 | Orc:2    | Noticed an orc warlord
 24891 | Orc:2    | Found Doneul's Antique Armour Emporium.
 24896 | Orc:2    | Bought a transparent leather armour for 203 gold pieces
 24896 | Orc:2    | Identified the +2 leather armour of Ciysau {rC- Regen+
                  | Str+6} (You bought it in a shop on level 2 of the Orcish
                  | Mines)
 24901 | Orc:2    | Found a radiant altar of Vehumet.
 25192 | Orc:2    | Paralysed by an orc sorcerer for 5 turns
 25216 | Orc:2    | Found Ackuin's Antique Weapon Boutique.
 25219 | Orc:2    | Noticed an orc warlord
 25224 | Orc:2    | Killed an orc warlord
 25287 | Orc:2    | Found a staircase to the Elven Halls.
 25424 | Orc:2    | Killed an orc warlord
 25601 | Orc:2    | Bought a book of the Dragon for 506 gold pieces
 25606 | Orc:2    | Learned a level 4 spell: Cause Fear
 26083 | D:13     | Found a gate to the Vaults.
 26089 | D:13     | Reached ****** piety under Dithmenos
 26251 | D:13     | Reached XP level 16. HP: 104/104 MP: 17/27
 26437 | D:13     | Reached skill level 17 in Hexes
 26678 | D:13     | Found the +5 glaive of the Guard {elec, spectral, AC+5}
 26836 | D:14     | Identified the +3 hand axe "Dich" {vorpal, Will+ Int+4}
 27281 | D:14     | Noticed Rupert
 27302 | D:14     | Demolished by Rupert

Illustrated notes

Levels and vault maps discovered:
D:1:      dpeg_arrival_radiant, layout_basic, serial_shops, shop,
          minmay_lizard_pond
D:2:      layout_loops_ring, basic_altar, minivault_11
D:3:      layout_basic, shapermc_ecumenical_altar_hornbeckon,
          uniq_crazy_yiuf_cottage
D:4:      layout_cave_pods, gammafunk_temple_overflow_arena
D:5:      layout_basic, uniq_eustachio, uniq_grinder
D:6:      cheibrodos_barr_body, layout_loops_ring, mainiacjoe_overflow_24_doors,
          minmay_temple_entry_poolview, uniq_pikel
D:7:      layout_rooms, worldfamousw_hep_ancestral_shrine, grunt_potential
D:8:      layout_basic, mainiacjoe_overflow_paths,
          mainiacjoe_overflow_divided_tiny, serial_glass, glass_columns_a,
          glass_columns_c
D:9:      layout_basic, uniq_grum, uniq_gastronok, uniq_erica,
          uniq_prince_ribbit1
D:10:     layout_loops_cross, zin_treasury, fedhas_altar_1,
          kennysheep_mini_moat, serial_bayou_pond_d, uniq_josephine, uniq_harold
D:11:     layout_rooms, serial_shops, shop
D:12:     layout_basic, orc_0_dummy, uniq_nessos
D:13:     minmay_guarded_unrand_guard, layout_cave_pools,
          hangedman_vaults_entry_quadrant_bands
D:14:     nicolae_cairo_tiling_large_dashed, layout_small_grid, serial_shops,
          shop, wad_floor_pattern_untrapped, uniq_rupert
Temple:   jpeg_temple_clearing
Lair:1:   layout_layer_cave, gammafunk_ghost_split, beast_lair_carwin_8
Lair:2:   layout_loops_ring, guppyfry_snake_entry_island, serial_bayou_lagoon_a,
          grunt_megastairs_1
Lair:3:   layout_roguey, minmay_shoals_entry_lonely_mermaid,
          chequers_serial_rivers_micro_a, serial_bayou_shore_a,
          grunt_megastairs_2
Lair:4:   layout_cave_shapes, slime_entry_2
Lair:5:   guppyfry_lair_end_dragon, layout_cave_pods, hangedman_lair_in_review,
          basic_altar, lemuel_fruit_fields
Orc:1:    layout_caves, gammafunk_ghost_arena, nicolae_orc_crystal_geode
Orc:2:    grunt_orc_gardens, layout_diamond_mine, grunt_orc_garden,
          grunt_orc_garden, grunt_orc_garden, grunt_orc_garden, basic_altar

Skill      XL: |  1  2  3  4  5  6  7  8  9 10 11 12 13 14 15 16 |
---------------+-------------------------------------------------+-----
Fighting       | 1 2 3 4 5 6 8 9 10 11 13 | 13.4
Short Blades   | 2 3 5 7 8 10 | 10.0
Dodging        | 3 4 5 6 7 9 10 11 12 | 12.8
Hexes          | 4 5 6 7 9 11 12 14 15 16 17 | 17.4
Stealth        | 5 6 7 8 9 11 12 14 15 | 15.3
Spellcasting   | 3 5 7 8 |  8.3

Action                   |  1- 3 |  4- 6 |  7- 9 | 10-12 | 13-15 | 16-18 || total
-------------------------+-------+-------+-------+-------+-------+-------++-------
Melee: Dagger            |    61 |    84 |   296 |   495 |   930 |    90 ||  1956
       Punch             |       |       |     6 |    10 |    17 |     2 ||    35
Throw: Throwing net      |       |       |       |       |     1 |       ||     1
 Cast: Ensorcelled Hiber |     2 |    10 |    16 |    15 |    16 |       ||    59
       Confusing Touch   |       |       |    12 |    49 |    91 |    13 ||   165
       Dazzling Flash    |       |       |     6 |    14 |    16 |     1 ||    37
       Discord           |       |       |       |       |    13 |     1 ||    14
  Use: Potion            |     1 |       |       |     2 |     8 |     3 ||    14
       Scroll            |       |     8 |    12 |    12 |    18 |     1 ||    51
 Stab: Sleeping          |    12 |    15 |    27 |    46 |    83 |     5 ||   188
       Invisible         |     1 |       |     4 |    14 |    15 |     1 ||    35
       Confused          |       |       |    11 |    47 |   102 |    12 ||   172
       Distracted        |       |       |     3 |       |    12 |     1 ||    16
       Held in net/web   |       |       |       |       |     1 |       ||     1
Armor: Robe              |     4 |     4 |    22 |       |       |       ||    30
       Leather armour    |       |       |    22 |    63 |    87 |     3 ||   175
       Skin              |       |       |       |       |    24 |       ||    24
       Steam dragon scal |       |       |       |       |    23 |     3 ||    26
Dodge: Dodged            |    33 |    52 |   179 |   282 |   658 |    40 ||  1244
